 Dungeon Crawl Stone Soup version 0.30.1-11-g7821555f0a (webtiles) character file.

Game seed: 13538072954672809754

53 Scypho the Insei (level 3, -2/26 HPs)
             Began as a Merfolk Transmuter on Jan 2, 2024.
             Succumbed to a scorpion's poison
             ... on level 3 of the Dungeon.
             The game lasted 00:06:12 (1714 turns).

Scypho the Insei (Merfolk Transmuter)               Turns: 1714, Time: 00:06:12

Health: -2/26      AC:  3    Str:  8 (10) XL:     3   Next: 89%
Magic:  6/7        EV: 17    Int: 13 (14) God:
Gold:   132        SH:  0    Dex: 12 (14) Spells: 1/7 levels left

rFire   . .          .
                       - Unarmed
rCold   . . .        (no shield)
rNeg    . . .        a - +0 robe
rPois   .            (helmet currently unavailable)
rElec   .            o - +0 cloak
rCorr   .            (no gloves)
SInv    +            (boots currently unavailable)
Will    .....        (no amulet)
Stlth   +            c - ring of see invisible
HPRegen 0.24/turn    h - +5 ring of evasion
MPRegen 0.10/turn

%: no passive effects
@: lethally poisoned (-2 -> -18), appendages (expiring)
A: horns 2, (nimble swimmer 2), mertail
a: End Transformation


You were on level 3 of the Dungeon.
You had temporarily grown beastly horns.
You visited 1 branch of the dungeon, and saw 3 of its levels.

You collected 132 gold pieces.

Inventory:

Armour
 a - a +0 robe (worn)
 o - a +0 cloak (worn)
Jewellery
 c - a ring of see invisible (left hand)
 e - a ring of flight
 h - a +5 ring of evasion (right hand)
Scrolls
 i - a scroll of immolation {unknown}
 j - 3 scrolls of teleportation {unknown}
 k - a scroll of poison {unknown}
 m - a scroll of identify {unknown}
 n - a scroll of fog {unknown}
Potions
 b - 2 potions of lignification
 g - a potion of heal wounds


   Skills:
 - Level 1.1 Fighting
 - Level 2.6 Dodging
 + Level 4.0 Unarmed Combat
 + Level 2.7 Spellcasting
 + Level 3.8 Transmutations
 + Level 0.0 Poison Magic


You had one spell level left.
You knew the following spells:

 Your Spells              Type           Power      Damage    Failure   Level
a - Beastly Appendage     Tmut           22%        N/A       4%          1
b - Wereblood             Tmut           11%        N/A       8%          2
c - Spider Form           Tmut/Pois      6%         N/A       32%         3

Your spell library contained the following spells:

 Spells                   Type           Power      Damage    Failure   Level
 Magic Dart               Conj           4%         1d3       24%         1
 Call Imp                 Summ           2%         N/A       34%         2
 Mephitic Cloud           Conj/Pois/Air  1%         N/A       56%         3
 Ice Form                 Ice/Tmut       6%         N/A       71%         4


Dungeon Overview and Level Annotations

Branches:
Dungeon (3/15)

Altars:


Innate Abilities, Weirdness & Mutations

You have temporarily grown beastly horns.
((You are very nimble when in or above water. (Stealth+, EV+, Speed+++)))
Your lower body shifts to a powerful aquatic tail in water.


Message History

It was a potion of cancellation.
Your magical effects are unravelling.
You feel magically purged.
Your horns disappear.
You feel sick.
The scorpion stings you but does no damage.
It was a potion of curing.
You feel better. The scorpion closely misses you.
It was a potion of degeneration.
There was something very wrong with that liquid.
You feel weakened.
You feel dopey.
You feel clumsy. The scorpion closely misses you. The scorpion stings you.
You grow a pair of large bovine horns.
The scorpion misses you.
You hit the scorpion but do no damage. The scorpion misses you.
You closely miss the scorpion.
Your transformation is almost over.
The scorpion stings you!
You are poisoned.
The scorpion poisons you!
You hit the scorpion.
You headbutt the scorpion, but do no damage.
You feel very sick. The scorpion stings you.
* * * LOW HITPOINT WARNING * * *
You are lethally poisoned!
The scorpion poisons you!
You hit the scorpion but do no damage.
* * * LOW HITPOINT WARNING * * *
You feel very sick. The scorpion stings you.
* * * LOW HITPOINT WARNING * * *
You are more poisoned.
The scorpion poisons you!
You hit the scorpion.
* * * LOW HITPOINT WARNING * * *
You feel very sick. The scorpion barely misses you.
You hit the scorpion but do no damage.
You die...

#......#.......#
#......#.).....#
###.####### #.#
... #.###.####.
#.#...s.b..
#.#.# #.#.#
#@#.# #.s.#
#####


You could see a scorpion.

Vanquished Creatures
  An adder (D:2)
  3 worms (D:2)
  6 endoplasms
  2 giant cockroaches (D:1)
  2 goblins
  4 hobgoblins
  5 kobolds
  A quokka (D:1)
  3 ball pythons (D:1)
  3 bats
  A frilled lizard (D:1)
  2 rats
33 creatures vanquished.

Notes
Turn   | Place    | Note
-------+----------+-------------------------------------------
     0 | D:1      | Scypho the Merfolk Transmuter began the quest for the Orb.
     0 | D:1      | Reached XP level 1. HP: 15/15 MP: 3/3
    95 | D:1      | Found a faded altar of an unknown god.
   369 | D:1      | Reached XP level 2. HP: 19/21 MP: 3/5
   923 | D:1      | Learned a level 2 spell: Wereblood
   998 | D:2      | Reached XP level 3. HP: 23/26 MP: 6/6
  1478 | D:2      | Identified the +11 hand axe "Jiegept" {freeze, rF+ Dex+7}
  1493 | D:2      | Reached skill level 4 in Unarmed Combat
  1629 | D:2      | Learned a level 3 spell: Spider Form
  1694 | D:3      | Noticed a scorpion
  1714 | D:3      | Succumbed to a scorpion's poison

Illustrated notes

Levels and vault maps discovered:
D:1:      sevenhm_arrival_forest_fort_small_4, layout_basic, serial_forest,
          infiniplex_forest_straight_5, infiniplex_forest_lined_3,
          infiniplex_forest_end_2, infiniplex_forest_zigzag_2,
          infiniplex_forest_end_1, hellmonk_ecumenical_altar_run_dry
D:2:      layout_rooms
D:3:      layout_basic

Skill      XL: |  1  2  3 |
---------------+----------+-----
Transmutations | 3 |  3.8
Unarmed Combat | 4 |  4.0
Fighting       | |  1.1
Dodging        | |  2.6
Spellcasting   | |  2.7

Action                     || total
---------------------------++-------
  Melee: Unarmed           ||   106
         Headbutt          ||    17
         Punch             ||     5
   Cast: Beastly Appendage ||    25
    Use: Scroll            ||     2
         Potion            ||     4
   Stab: Distracted        ||     1
 Armour: Robe              ||    11
  Dodge: Dodged            ||    58
